 Dungeon Crawl Stone Soup version 0.23.1 (webtiles) character file.

Game seed: 11527892111121035334

124 Laiders72 the Skirmisher (level 5, -5/43 HPs)
             Began as a Formicid Fighter on Mar 10, 2019.
             Was a Follower of Ru.
             Killed by divine providence
             ... invoked by an orc priest
              (13 damage)
             ... on level 3 of the Dungeon.
             The game lasted 00:06:21 (2185 turns).

Laiders72 the Skirmisher (Formicid Fighter)         Turns: 2185, Time: 00:06:22

Health: -5/43      AC: 12    Str: 21    XL:     5   Next: 30%
Magic:  5/5        EV:  4    Int:  7    God:    Ru [*.....]
Gold:   128        SH:  9    Dex: 11    Spells: 4/4 levels left

rFire    . . .     SeeInvis +   a - +0 flail
rCold    . . .     Gourm    .   c - +0 shield
rNeg     . . .     Faith    .   r - +0 plate armour
rPois    .         Spirit   .   (helmet unavailable)
rElec    .         Reflect  .   j - +0 cloak
rCorr    .         Harm     .   (no gloves)
MR       .....                  (no boots)
Stlth    ..........             (no amulet)
HPRegen  0.14/turn              (no ring)
MPRegen  0.09/turn              (no ring)

@: no status effects
A: permanent stasis, dig shafts and tunnels, four strong arms, antennae 3, magic
vulnerability 1
a: Dig, Shaft Self, Renounce Religion


You were on level 3 of the Dungeon.
You worshipped Ru.
Ru was aware of your devotion.
You were not hungry.

You visited 1 branch of the dungeon, and saw 3 of its levels.

You collected 128 gold pieces.

Inventory:

Hand Weapons
 a - a +0 flail (weapon)
Armour
 c - a +0 shield (worn)
 j - a +0 cloak (worn)
 r - a +0 plate armour (worn)
Wands
 l - a wand of polymorph (11)
Scrolls
 e - a scroll of teleportation {unknown}
 g - 2 scrolls of remove curse {unknown}
 i - a scroll of random uselessness {unknown}
Potions
 b - a potion of cancellation {unknown}
 d - 2 potions of might
 h - a potion of brilliance {unknown}
 k - a potion of heal wounds {unknown}
 m - a potion of lignification {unknown}
 n - 2 potions of curing {unknown}
 o - 2 potions of flight {unknown}
 q - a potion of mutation {unknown}
Comestibles
 f - 8 rations
 p - 3 chunks of flesh


   Skills:
 + Level 4.3 Fighting
 * Level 4.3 Maces & Flails
 - Level 3.2 Armour
 - Level 3.6 Shields


You had 4 spell levels left.
You didn't know any spells.
Your spell library was empty.

Dungeon Overview and Level Annotations

Branches:
Dungeon (3/15)

Altars:
Ru
Xom
Zin
The Shining One


Innate Abilities, Weirdness & Mutations

You cannot be hasted, slowed, berserked, paralysed or teleported.
You can dig through walls and to a lower floor.
Your four strong arms can wield two-handed weapons with a shield.
You have a pair of large antennae on your head. (SInv)
You are slightly vulnerable to magic. (MR-)


Message History

* * * LOW HITPOINT WARNING * * *
You sock the orc!
You kill the orc!
You sock the orc priest!
The orc priest is heavily wounded.
The orc priest hits you with a +0 whip.
* * * LOW HITPOINT WARNING * * *
You closely miss the orc priest.
The orc priest is heavily wounded.
The orc priest barely misses you.
You redirect the orc priest's attack!
You block the orc priest's attack.
Your plate armour prevents you from hitting the orc priest.
The orc priest is heavily wounded.
The orc priest is stunned by your will and fails to attack.
You hit the orc priest.
The orc priest is severely wounded.
The orc priest invokes the aid of Beogh against you.
Beogh smites you!
You die...

#.# #.# #.# #.#
#.# #.#
#.####.####.#
#...........#
######.###### #
#.#
..###.########.#
o......oooo@...#
#oo#############
{


You could see 2 orc priests and 2 orcs.

Vanquished Creatures
  An ooze (D:2)
  2 worms (D:2)
  3 dart slugs
  6 leopard geckos
  11 orcs (D:3)
  13 bats
  3 giant cockroaches
  8 goblins
  8 hobgoblins
  6 jackals (D:3)
  7 kobolds
  A quokka (D:3)
  A ball python (D:1)
  6 frilled lizards
  7 rats
83 creatures vanquished.

Vanquished Creatures (others)
  A kobold (D:2)
1 creature vanquished.

Grand Total: 84 creatures vanquished

Notes
Turn   | Place    | Note
-------+----------+-------------------------------------------
     0 | D:1      | Laiders72 the Formicid Fighter began the quest for the Orb.
     0 | D:1      | Reached XP level 1. HP: 18/18 MP: 1/1
    40 | D:1      | Reached XP level 2. HP: 22/24 MP: 2/2
   411 | D:1      | Reached XP level 3. HP: 18/29 MP: 3/3
   443 | D:1      | Found a sacrificial altar of Ru.
   713 | D:1      | Became a worshipper of Ru the Awakened
  1220 | D:2      | Reached XP level 4. HP: 36/37 MP: 4/4
  1293 | D:2      | Found a shimmering altar of Xom.
  1293 | D:2      | Noticed an angel
  1298 | D:2      | Found a glowing silver altar of Zin.
  1399 | D:2      | Found a glowing golden altar of the Shining One.
  1825 | D:3      | Gained mutation: You are slightly vulnerable to magic.
                  | (MR-) [Ru sacrifice]
  1825 | D:3      | Reached * piety under Ru
  1927 | D:3      | Reached XP level 5. HP: 40/42 MP: 5/5
  2185 | D:3      | Killed from afar by an orc priest

Skill      XL: |  1  2  3  4 |
---------------+-------------+-----
Maces & Flails | 3 4 |  4.3
Fighting       | 4 |  4.3
Armour         | |  3.2
Shields        | |  3.6

Action                   |  1- 3 |  4- 6 || total
-------------------------+-------+-------++-------
Melee: Flail             |   114 |   184 ||   298
Invok: Sacrifice Essence |       |     1 ||     1
 Stab: Distracted        |       |     1 ||     1
  Eat: Chunk             |     1 |     4 ||     5
Armor: Scale mail        |    58 |    74 ||   132
       Plate armour      |       |    29 ||    29
Dodge: Dodged            |    36 |    46 ||    82
Block: Shield            |    69 |    89 ||   158
